 Dungeon Crawl Stone Soup version 0.31-a0-354-g827e0957a7 (webtiles) character file.

Game seed: 13570276436150467527

16 kush the Scratcher (level 2, 0/18 HPs)
             Began as a Felid Shapeshifter on July 23, 2023.
             Succumbed to a kobold's poison
             ... on level 1 of the Dungeon.
             The game lasted 00:02:12 (575 turns).

kush the Scratcher (Felid Shapeshifter)              Turns: 575, Time: 00:02:13

Health: 0/18       AC: 21    Str: 11    XL:     2   Next: 37%
Magic:  3/3        EV:  4    Int:  9    God:
Gold:   51         SH:  0    Dex: 16    Spells: 1/1 levels left
                                        Lives:  0   Deaths: 0

rFire   . .          .
                       - Unarmed
rCold   . . .        (shield unavailable)
rNeg    . . .        (body armour unavailable)
rPois   +            (helmet unavailable)
rElec   .            (cloak unavailable)
rCorr   .            (gloves unavailable)
SInv    +            (boots unavailable)
Will    .....        (no amulet)
Stlth   ++           (no ring)
HPRegen 0.23/turn    (no ring)
MPRegen 0.08/turn

%: no passive effects
@: lethally poisoned (0 -> -2), tree-form
A: stationary, stasis, torment immunity, boosted hp, very small, (claws 1),
(fangs 3), see invisible, (speed 1), (shaggy fur 1), (stealthy paws), no weapons
or thrown items, no armour, multi-lived
a: no special abilities


You were on level 1 of the Dungeon.
You were a tree.
You visited 1 branch of the dungeon, and saw 1 of its levels.

You collected 51 gold pieces.

Inventory:

Talismans
 b - a beast talisman
Scrolls
 c - a scroll of butterflies {unknown}


   Skills:
 + Level 1.3 Fighting
 + Level 3.0 Dodging
 + Level 1.1 Stealth
 * Level 3.3 Unarmed Combat
 - Level 3.2 Shapeshifting


You had one spell level left.
You didn't know any spells.
Your spell library contained the following spells:

 Spells                   Type           Power      Damage    Failure   Level
 Alistair's Intoxication  Tmut/Pois      0%         N/A       100%        5
 Borgnjor's Vile Clutch   Necr/Erth      0%         N/A       100%        5
 Eringya's Noxious Bog    Tmut/Pois      0%         4d6       100%        6


Dungeon Overview and Level Annotations

Branches:
Dungeon (1/15)

Altars:


Innate Abilities, Weirdness & Mutations

You are a tree.
Your roots penetrate the ground, keeping you stationary.
You cannot be teleported.
You are immune to unholy pain and torment.
Your maximum health is greatly increased.
((You have sharp claws.))
((You have razor-sharp teeth.))
You have supernaturally acute eyesight. (SInv)
((You cover ground quickly. (Speed+)))
((You are covered in fur. (AC +1)))
((Your paws help you pounce on unaware monsters.))
You are incapable of wielding weapons or throwing items.
You cannot wear armour.
You gain extra lives every three experience levels.


Message History

You start waiting.
Done waiting.
You see here a hobgoblin corpse.
There is an open door here.
Found a pair of glowing boots.
No target in view!
You see here a +2 pair of boots.
The kobold shouts!
You scratch the kobold but do no damage.
The kobold hits you with a +2 dagger of venom.
You are lethally poisoned!
Really quaff the potion of lignification?
Your transformation has ended.
You turn into a tree.
Your roots penetrate the ground.
You feel very sick. The kobold completely misses you.
Okay, then.
You smack the kobold!
You kill the kobold!
You feel sick.
There is a lethal amount of poison in your body!
You aren't carrying any potions.
Unknown command.
Smack: -) Branches
Press: ? - help, Dir - move target, f - you
Okay, then.
You aren't carrying any items that you can evoke.
Unknown command.
You feel sick.
* * * LOW HITPOINT WARNING * * *
You feel sick.
* * * LOW HITPOINT WARNING * * *
You feel sick.
* * * LOW HITPOINT WARNING * * *
You feel sick.
* * * LOW HITPOINT WARNING * * *
You feel sick.
* * * LOW HITPOINT WARNING * * *
You feel sick.
You die...

......# #.# #.# ......#
#.########.# ......#
#..........# ......#
############ #######
#######.# ### #....[..#
..########## #.#####.#
#'#......... #.#...#.#
....######## #.♣)..#.#
.......##############.#
......................#
...........############
...........#
#.#........#
..#........#
###........# #####...##


There were no monsters in sight!

Vanquished Creatures
  2 ball pythons (D:1)
  3 hobgoblins (D:1)
  5 bats (D:1)
  2 frilled lizards (D:1)
  A goblin (D:1)
  2 kobolds (D:1)
  A rat (D:1)
16 creatures vanquished.

Notes
Turn   | Place    | Note
-------+----------+-------------------------------------------
     0 | D:1      | kush the Felid Shapeshifter began the quest for the Orb.
     0 | D:1      | Reached XP level 1. HP: 9/9 MP: 2/2
   313 | D:1      | Reached XP level 2. HP: 12/12 MP: 3/3
   349 | D:1      | Reached skill level 1 in Stealth
   575 | D:1      | Succumbed to a kobold's poison

Illustrated notes

Levels and vault maps discovered:
D:1:      nzn_arrival_crosshair, layout_basic, serial_curves, eino_curves_03,
          eino_curves_02

Skill      XL: |  1  2 |
---------------+-------+-----
Stealth        | 1 |  1.1
Dodging        | 3 |  3.0
Fighting       | |  1.3
Unarmed Combat | |  3.3
Shapeshifting  | |  3.2

Action                     || total
---------------------------++-------
  Melee: Unarmed           ||    24
         Bite              ||     1
    Use: Potion            ||     1
   Stab: Sleeping          ||     2
 Armour: Skin              ||     2
  Dodge: Dodged            ||    19

Table legend: (Time is in decaauts)
 A = Elapsed time spent in this place.
 B = Non-inter-level travel time spent in this place.
 C = Inter-level travel time spent in this place.
 D = Time resting spent in this place.
 E = Time spent auto-exploring this place.
 F = Levels seen in this place.
 G = Mean time per level.
                   A        B        C        D        E       F      G
               +--------+--------+--------+--------+--------+-----+--------+
         Total |    491 |    491 |      0 |    102 |    236 |   1 |  491.0 |
       Dungeon |    491 |    491 |      0 |    102 |    236 |   1 |  491.0 |
               +--------+--------+--------+--------+--------+-----+--------+

Top non-repeatable levels by time:
     D:1: 491 daAuts
